 Dungeon Crawl Stone Soup version 0.30.1 (webtiles) character file.

Game seed: 15748101665924336883

276 Graphine the Chopper (level 6, -1/53 HPs)
             Began as a Hill Orc Fighter on July 3, 2023.
             Was an Initiate of Beogh.
             Slain by a sky beast (6 damage)
             ... on level 6 of the Dungeon.
             The game lasted 00:05:08 (2397 turns).

Graphine the Chopper (Hill Orc Fighter)             Turns: 2397, Time: 00:05:08

Health: -1/53      AC:  8    Str: 21    XL:     6   Next: 25%
Magic:  6/6        EV:  9    Int:  8    God:    Beogh [......]
Gold:   187        SH:  4    Dex: 10    Spells: 5/5 levels left

rFire   + . .        a - +1 war axe
rCold   . . .        c - +0 buckler
rNeg    . . .        b - +0 scale mail
rPois   .            o - +0 helmet
rElec   .            (no cloak)
rCorr   .            (no gloves)
SInv    .            (no boots)
Will    .....        (no amulet) Stlth
                     h - ring of protection from fire
HPRegen 0.28/turn    (no ring)
MPRegen 0.10/turn

%: no passive effects
@: no status effects
A: no striking features
a: Renounce Religion


You were on level 6 of the Dungeon.
You worshipped Beogh.
Beogh was noncommittal.
You visited 1 branch of the dungeon, and saw 5 of its levels.

You collected 187 gold pieces.

Inventory:

Hand Weapons
 a - a +1 war axe (weapon)
Missiles
 g - a throwing net
 i - 6 atropa-tipped darts
Armour
 b - a +0 scale mail (worn)
 c - a +0 buckler (worn)
 o - a +0 helmet (worn)
Jewellery
 h - a ring of protection from fire (left hand)
Wands
 n - a wand of flame (19) (quivered)
Scrolls
 f - a scroll of fear
 p - a scroll of identify
 q - a scroll of teleportation
Potions
 d - 2 potions of might
 e - a potion of haste
 k - a potion of cancellation
 l - 2 potions of brilliance
 m - a potion of curing


   Skills:
 + Level 4.7 Fighting
 * Level 5.4 Axes
 + Level 4.3 Armour
 + Level 4.2 Shields
 * Level 1.7 Necromancy


You had 5 spell levels left.
You didn't know any spells.
Your spell library contained the following spells:

 Spells                   Type           Power      Damage    Failure   Level
 Sublimation of Blood     Necr           2%         N/A       71%         2
 Blink                    Tloc           0%         N/A       91%         2
 Ensorcelled Hibernation  Hex/Ice        0%         N/A       91%         2
 Lesser Beckoning         Tloc           0%         N/A       91%         2
 Momentum Strike          Conj/Tloc      0%         3d8       91%         2
 Wereblood                Tmut           0%         N/A       91%         2
 Spider Form              Tmut/Pois      0%         N/A       99%         3
 Anguish                  Hex/Necr       0%         N/A       100%        4
 Animate Dead             Necr           2%         N/A       100%        4
 Borgnjor's Vile Clutch   Necr/Erth      0%         N/A       100%        5
 Death Channel            Necr           1%         N/A       100%        6
 Malign Gateway           Summ/Tloc      0%         N/A       100%        7
 Summon Hydra             Summ           0%         N/A       100%        7
 Summon Horrible Things   Summ           0%         N/A       100%        8


Dungeon Overview and Level Annotations

Branches:
Dungeon (4/15)             Temple (0/1) D:6

Altars:


Message History

You hit the orc priest.
You kill the orc priest!
Beogh accepts your kill.
Beogh appreciates your killing of a heretic priest.
You closely miss something. The orc barely misses you. Something hits you.
Something shocks you.
Cleave: a) +1 war axe
Press: ? - help, Dir - move target, f/p - orc
Aim: an orc, wielding a +0 flail, wearing a +0 leather armour and quivering boomerangs (lightly wounded, about 41% to evade your +1 war axe)
You barely miss the orc.
The orc is lightly wounded.
You closely miss something. The orc barely misses you.
Something hits you but does no damage. The orc barely misses you.
Something hits you but does no damage.
Cleave: a) +1 war axe
Press: ? - help, Dir - move target, f/p - orc
Aim: an orc, wielding a +0 flail, wearing a +0 leather armour and quivering boomerangs (lightly wounded, about 41% to evade your +1 war axe)
You slash the orc!
You kill the orc!
Beogh accepts your kill.
You miss something. Something hits you. Something shocks you.
* * * LOW HITPOINT WARNING * * *
Cleave: a) +1 war axe
Press: ? - help, Dir - move target You completely miss something.
Something hits you but does no damage.
Unknown command.
Cleave: a) +1 war axe
Press: ? - help, Dir - move target, f - you
Okay, then.
You barely miss something. Something hits you but does no damage.
You miss something. Something hits you.
* * * LOW HITPOINT WARNING * * *
Something shocks you.
* * * LOW HITPOINT WARNING * * *
Something hits you but does no damage.
You completely miss something. Something hits you but does no damage.
You miss something. Something hits you.
* * * LOW HITPOINT WARNING * * *
Something shocks you.
You die...

#..#...# ............#
#..'...# ............+ .
#..#...# ............#
..#####..# ..##..####..#
... ##'######..####..#
.... #..'..............
..... +..#..............
......##'##..######.##..
......)@{.#####.###.##..
.......)..#.........'...
..........#.........#...
..........+.........#...
+#........#####.##..##+#
#########. #.##..##.. ..
#......#.. ...
#......'.. #......#..


There were no monsters in sight!

Vanquished Creatures
  A black bear (D:6)
  2 orc priests (D:6)
  2 adders
  A worm (D:2)
  3 dart slugs
  9 orcs
  7 ball pythons
  4 bats
  7 endoplasms
  3 giant cockroaches
  17 goblins
  11 hobgoblins
  10 kobolds
  2 quokkas
  3 frilled lizards
  4 rats
86 creatures vanquished.

Notes
Turn   | Place    | Note
-------+----------+-------------------------------------------
     0 | D:1      | Graphine the Hill Orc Fighter began the quest for the Orb.
     0 | D:1      | Reached XP level 1. HP: 19/19 MP: 1/1
    59 | D:1      | Reached skill level 3 in Axes
    81 | D:1      | Reached XP level 2. HP: 25/27 MP: 2/2
   369 | D:1      | Reached XP level 3. HP: 33/33 MP: 3/3
   791 | D:2      | Reached skill level 4 in Axes
   827 | D:2      | Reached XP level 4. HP: 40/40 MP: 4/4
  1900 | D:4      | Noticed an ogre
  1900 | D:4      | You fall into a shaft and drop 2 floors!
  1922 | D:6      | Reached XP level 5. HP: 47/47 MP: 5/5
  2126 | D:6      | Became a worshipper of Beogh the Brigand
  2128 | D:6      | Noticed a black bear
  2135 | D:6      | Killed a black bear
  2136 | D:6      | Reached skill level 5 in Axes
  2136 | D:6      | Reached skill level 1 in Necromancy
  2142 | D:6      | Reached XP level 6. HP: 19/53 MP: 6/6
  2312 | D:6      | Found a staircase to the Ecumenical Temple.
  2375 | D:6      | Noticed a sky beast
  2397 | D:6      | Slain by a sky beast

Illustrated notes

Levels and vault maps discovered:
D:1:      roderic_crossed_star, layout_loops_cross, minmay_split_cup_large
D:2:      layout_rooms, grunt_decor_mini_mirrors, chequers_garden
D:3:      cheibrodos_greedy_goblins, layout_basic
D:4:      layout_rooms, nemelex_diamond_rough_becter,
          mainiacjoe_overflow_cross_hatched
D:6:      layout_gridville, minmay_temple_entry_junction

Skill      XL: |  1  2  3  4  5 |
---------------+----------------+-----
Axes           | 3 4 5 |  5.4
Fighting       | 4 |  4.7
Armour         | 4 |  4.3
Shields        | 4 |  4.2
Necromancy     | 1 |  1.7

Action                     |  1- 3 |  4- 6 || total
---------------------------+-------+-------++-------
  Melee: War axe           |    97 |   142 ||   239
 Invoke: Convert to Beogh  |       |     1 ||     1
  Evoke: Wand              |       |     5 ||     5
    Use: Scroll            |     3 |     8 ||    11
         Potion            |       |     1 ||     1
 Armour: Scale mail        |    47 |    71 ||   118
  Dodge: Dodged            |    35 |    66 ||   101
  Block: Buckler           |    22 |    25 ||    47
